 Dungeon Crawl Stone Soup version 0.19-a0-1920-g83281cb (webtiles) character file.

14428 Leszczynek the Bludgeoner (level 12, -4/128 HPs)
             Began as an Ogre Warper on Oct 23, 2016.
             Was a High Priest of the Shining One.
             Shot with an arrow by a centaur warrior (16 damage)
             ... on level 13 of the Dungeon.
             The game lasted 00:38:15 (6328 turns).

Leszczynek the Bludgeoner (Ogre Warper)             Turns: 6328, Time: 00:38:16

Health: -4/128     AC:  4    Str: 19    XL:     12   Next: 16%
Magic:  1/16       EV: 14    Int: 14    God:    the Shining One [*****.]
Gold:   1086       SH:  8    Dex: 13    Spells: 3 memorised, 7 levels left

rFire  + . .     SeeInvis .     a - +0 giant club
rCold  . . .     Gourm    .     b - +1 robe
rNeg   + + .     Faith    .     (shield currently unavailable)
rPois  .         Spirit   .     (helmet restricted)
rElec  .         Reflect  .     (no cloak)
rCorr  .         Harm     .     (gloves unavailable)
MR     +....                    (boots unavailable)
Stlth  +.........               y - amulet of regeneration
                                x - ring of stealth
                                f - ring of protection from fire

@: divine shield, glowing
A: unfitting armour, talons 2, clever 1, regeneration 1, tough skin 1, evolution
1
a: Divine Shield, Cleansing Flame, Summon Divine Warrior, Renounce Religion


You were on level 13 of the Dungeon.
You worshipped the Shining One.
The Shining One was extremely pleased with you.
You were hungry.

You visited 3 branches of the dungeon, and saw 16 of its levels.

You collected 1086 gold pieces.

Inventory:

Hand Weapons
 a - a +0 giant club (weapon)
 q - a +1 giant spiked club
Missiles
 e - 5 tomahawks of dispersal
 l - 4 throwing nets
 m - 8 javelins (quivered)
 p - 12 tomahawks
Armour
 b - a +1 robe (worn)
Jewellery
 f - a ring of protection from fire (left hand)
 x - a ring of stealth (right hand)
 y - an amulet of regeneration (around neck)
Wands
 g - a wand of flame (30/48)
 D - a wand of flame (32/48)
Scrolls
 h - 3 scrolls of enchant armour
 j - 3 scrolls of remove curse
 o - a scroll of amnesia
 v - a scroll of fog
 A - a scroll of silence {unknown}
 B - a scroll of summoning
 E - a scroll of acquirement {unknown}
Potions
 i - a potion of cure mutation
 k - a potion of curing
 u - a potion of flight
 C - a potion of brilliance
Books
 c - a book of Spatial Translocations

   Spells                             Type                      Level
   a - Blink                          Translocation                2
   b - Shroud of Golubria             Charms/Translocation         2
   c - Lesser Beckoning               Translocation                3
   d - Portal Projectile              Translocation                3
   e - Teleport Other                 Translocation                3
   f - Passage of Golubria            Translocation                4
Miscellaneous
 t - a box of beasts
Comestibles
 d - 5 bread rations
 s - a meat ration
 w - 5 fruits
 z - 2 slices of pizza


   Skills:
 - Level 10.9 Fighting
 - Level 17.6 Maces & Flails
 - Level 1.3 Throwing
 - Level 7.7 Dodging
 - Level 2.6 Spellcasting
 - Level 2.1 Translocations
 + Level 6.1 Invocations


You had 7 spell levels left.
You knew the following spells:

 Your Spells              Type           Power        Failure   Level  Hunger
a - Blink                 Tloc           N/A          17%         2    ###....
b - Lesser Beckoning      Tloc           #.........   30%         3    ###....
d - Passage of Golubria   Tloc           N/A          89%         4    #####..


Dungeon Overview and Level Annotations

Branches:
Dungeon (13/15)            Temple (1/1) D:4            Lair (0/6) D:10
    Orc (2/2) D:10
    Elf: Orc:2       Vaults: D:13-14

Altars:
Ashenzari
Cheibriados
Elyvilon
Fedhas
Gozag
Kikubaaqudgha
Makhleb
Nemelex Xobeh
Okawaru
Qazlal
Sif Muna
Trog
Vehumet
Yredelemnul
The Shining One

Shops:
Orc:2 }

Annotations:
D:4 4 javelins, 1 net, gnolls (flails, spear)
D:9 scroll, book, gold guarded by catoblepas, exclusion: 2 doors


Innate Abilities, Weirdness & Mutations

You are too large for most types of armour.
You have tough skin. (AC +1)
You have razor-sharp toenails.
Your mind is acute. (Int +2)
Your natural rate of healing is unusually fast.
You evolve.


Message History

* * * LOW HITPOINT WARNING * * *
Unknown command.
Unknown command.
Okay, then.
Cast which spell? (? or * to list)
You don't know that spell.
Unknown command.
Cast which spell? (? or * to list)
You blink.
Your daeva hits the manticore with a long sword of holy wrath.
Your daeva hits the manticore but does no damage.
The centaur warrior barely misses your daeva.
Okay, then.
Casting: Blink
Confirm with . or Enter, or press ? or * to list all spells.
You blink.
Your daeva hits the manticore with a long sword of holy wrath! x2
The centaur warrior wields an uncursed shortbow.
The centaur warrior shoots an arrow.
The arrow hits you!
You die...

#..#...§§§..#
#..#..#§H§..#
#.....#cH§§.#
#.....#§A§..#
####......§H§§.#
......#........#
###............#
.........#####.#
.......@.#####.#
...............#
...............#
.......<.###...#
##....#........#
...............#
################


You could see a centaur warrior, 2 manticores and a friendly daeva.

Vanquished Creatures
  Harold (D:12)
  An unseen horror (D:12)
  5 hill giants
  2 centaur skeletons
  2 trolls
  Prince Ribbit (D:8)
  A hippogriff (D:10)
  3 slime creatures
  A wraith (D:11)
  2 wyverns
  3 yaks (D:11)
  A mottled dragon (D:11)
  5 wargs
  2 soldier ants
  A water moccasin (D:9)
  2 ice beasts (D:9)
  A black bear (D:8)
  13 orc warriors
  A necrophage (D:12)
  4 phantoms
  2 sky beasts
  10 ogres
  5 centaurs
  A crocodile (D:11)
  6 bullfrogs
  A wyvern zombie (D:12)
  2 scorpions
  A wyvern skeleton (D:10)
  11 wights
  7 killer bees
  8 howler monkeys
  3 crimson imps
  2 centaur zombies
  3 jellies
  A quasit (D:9)
  3 bullfrog zombies
  12 orc wizards
  21 orc priests
  4 iguanas
  2 worker ants
  A killer bee zombie (D:7)
  2 hound zombies
  2 hound skeletons (D:4)
  A worker ant zombie (D:8)
  5 gnolls
  7 adders
  6 shadow imps
  An adder skeleton (D:9)
  4 adder zombies
  A worm (D:5)
  A dart slug (D:3)
  8 leopard geckos
  43 orcs
  3 bats
  5 giant cockroaches
  A hobgoblin (D:2)
  2 jackals (D:8)
  4 kobolds
  4 quokkas
  2 frilled lizards
  A goblin (D:1)
  A leopard gecko skeleton (D:4)
  A rat (D:2)
263 creatures vanquished.

Notes
Turn   | Place    | Note
-------+----------+-------------------------------------------
     0 | D:1      | Leszczynek the Ogre Warper began the quest for the Orb.
     0 | D:1      | Reached XP level 1. HP: 22/22 MP: 3/3
   159 | D:1      | wow this layout
   319 | D:1      | Reached XP level 2. HP: 25/29 MP: 5/5
   449 | D:2      | Found an ancient bone altar of Kikubaaqudgha.
   479 | D:2      | Reached skill level 3 in Maces & Flails
   675 | D:3      | fuck
   675 | D:3      | forgot to change the training
   706 | D:3      | i wish i could just make some presets
   812 | D:3      | Reached XP level 3. HP: 36/36 MP: 6/6
   828 | D:3      | Reached skill level 4 in Maces & Flails
   910 | D:3      | Learned a level 2 spell: Blink
   914 | D:3      | Learned a level 3 spell: Lesser Beckoning
   938 | D:4      | Reached XP level 4. HP: 36/44 MP: 7/7
  1087 | D:4      | Reached skill level 5 in Maces & Flails
  1341 | D:4      | Gained mutation: Your natural rate of healing is unusually fast. [potion of beneficial mutation]
  1342 | D:4      | oooooooogh
  1342 | D:4      | oooh
  1377 | D:4      | Found a staircase to the Ecumenical Temple.
  1395 | Temple   | Entered the Ecumenical Temple
  1441 | Temple   | Became a worshipper of the Shining One
  1458 | D:4      | Gained mutation: You have sharp toenails. [potion of mutation]
  1458 | D:4      | Gained mutation: You have razor-sharp toenails. [potion of mutation]
  1458 | D:4      | Gained mutation: You evolve. [potion of mutation]
  1459 | D:4      | claws 2
  1459 | D:4      | hmmmmmmmmmmmmmmmmmmmmmmmmmmmmmmmmmm
  1459 | D:4      | but i already have tso
  1459 | D:4      | ah no, it's talons, nvm
  1606 | D:4      | Found a deep blue altar of Sif Muna.
  1609 | D:4      | Noticed an ogre
  1614 | D:4      | Killed an ogre
  1614 | D:4      | Reached skill level 7 in Maces & Flails
  1614 | D:4      | Reached XP level 5. HP: 52/52 MP: 8/8
  1675 | D:5      | Entered Level 5 of the Dungeon
  1679 | D:5      | Reached XP level 6. HP: 57/59 MP: 9/9
  1709 | D:5      | Learned a level 4 spell: Passage of Golubria
  1934 | D:6      | Reached skill level 8 in Maces & Flails
  2036 | D:7      | double regen source with tso, and i still don't have TLA
  2036 | D:7      | yet another game to fuck up, huh
  2064 | D:7      | Noticed a phantom
  2086 | D:7      | Killed a phantom
  2086 | D:7      | Reached skill level 9 in Maces & Flails
  2181 | D:7      | Reached XP level 7. HP: 57/66 MP: 10/10
  2207 | D:7      | Reached skill level 10 in Maces & Flails
  2306 | D:7      | Found a sparkling altar of Nemelex Xobeh.
  2318 | D:7      | Found an iron altar of Okawaru.
  2356 | D:7      | Reached * piety under the Shining One
  2419 | D:7      | Reached skill level 11 in Maces & Flails
  2422 | D:7      | Reached XP level 8. HP: 74/74 MP: 11/11
  2499 | D:8      | Reached skill level 12 in Maces & Flails
  2509 | D:8      | Noticed Prince Ribbit
  2518 | D:8      | Killed Prince Ribbit
  2518 | D:8      | Reached skill level 3 in Fighting
  2665 | D:9      | Reached ** piety under the Shining One
  2665 | D:9      | Reached skill level 3 in Dodging
  2677 | D:9      | Reached skill level 4 in Fighting
  2734 | D:9      | Reached XP level 9. HP: 49/85 MP: 12/12
  2758 | D:9      | Reached skill level 13 in Maces & Flails
  2806 | D:9      | Reached skill level 5 in Fighting
  2965 | D:9      | Reached skill level 4 in Dodging
  2992 | D:9      | Noticed a troll
  3014 | D:9      | Killed a troll
  3014 | D:9      | Reached skill level 6 in Fighting
  3106 | D:10     | Entered Level 10 of the Dungeon
  3130 | D:10     | Reached skill level 14 in Maces & Flails
  3143 | D:10     | my bad
  3184 | D:10     | Noticed a hill giant
  3352 | D:10     | Reached *** piety under the Shining One
  3352 | D:10     | Reached skill level 1 in Invocations
  3391 | D:10     | Reached skill level 2 in Invocations
  3422 | D:10     | Reached skill level 3 in Invocations
  3493 | D:11     | Reached skill level 4 in Invocations
  3493 | D:11     | Reached XP level 10. HP: 100/100 MP: 13/13
  3522 | D:11     | Noticed a hill giant
  3535 | D:11     | Killed a hill giant
  3535 | D:11     | Reached skill level 7 in Fighting
  3641 | D:11     | Reached skill level 5 in Dodging
  3781 | D:12     | Noticed Harold
  3782 | D:12     | fucking hell
  3793 | D:12     | Killed Harold
  3793 | D:12     | Reached skill level 8 in Fighting
  3793 | D:12     | Reached skill level 15 in Maces & Flails
  3874 | D:10     | found orc
  3949 | D:10     | Found a staircase to the Orcish Mines.
  3950 | D:10     | except in a bit different place than i thought
  3950 | D:10     | maybe that other one is lair then
  3967 | D:10     | Reached skill level 6 in Dodging
  3981 | D:10     | Killed a hill giant
  4101 | D:10     | Reached XP level 11. HP: 113/113 MP: 14/14
  4110 | D:10     | Reached skill level 9 in Fighting
  4159 | D:9      | Found a large runed door.
  4159 | D:9      | Found a large runed door.
  4180 | D:9      | Noticed a hill giant
  4186 | D:9      | Killed a hill giant
  4186 | D:9      | Reached skill level 16 in Maces & Flails
  4226 | D:9      | Noticed a catoblepas
  4407 | D:10     | Reached **** piety under the Shining One
  4483 | D:10     | Found a staircase to the Lair.
  4675 | D:11     | Noticed a hill giant
  4736 | D:11     | Gained mutation: Your mind is acute. (Int +2) [evolution]
  4746 | D:11     | Killed a hill giant
  4746 | D:11     | Reached skill level 10 in Fighting
  4926 | D:12     | Reached skill level 7 in Dodging
  5069 | D:12     | Reached skill level 17 in Maces & Flails
  5125 | D:12     | Noticed an unseen horror
  5149 | D:12     | Killed an unseen horror
  5230 | D:13     | Noticed a centaur warrior
  5287 | D:12     | Reached ***** piety under the Shining One
  5320 | D:12     | Noticed a hill giant
  5320 | D:12     | Noticed a white ugly thing
  5343 | D:11     | Killed a hill giant
  5455 | Orc:1    | Entered Level 1 of the Orcish Mines
  5632 | Orc:1    | Reached XP level 12. HP: 82/128 MP: 15/15
  5844 | Orc:2    | Entered Level 2 of the Orcish Mines
  5844 | Orc:2    | Found Pasarhid's Gadget Emporium.
  5868 | Orc:2    | Reached skill level 5 in Invocations
  6045 | Orc:2    | Reached skill level 6 in Invocations
  6130 | Orc:2    | HP: 9/128 [cyclops/large rock (23)]
  6135 | Orc:1    | son of a bitch
  6135 | Orc:1    | ok, i can't go there yet :/
  6326 | D:13     | HP: 10/128 [centaur warrior (12)]
  6328 | D:13     | Shot with an arrow by a centaur warrior

Vault maps used:
D:1:      dpeg_arrival_round_b
D:2:      kiku_gazebo_garden_becter
D:3:      lemuel_crystal_altar
D:4:      nicolae_overflow_hidden_temple, uniq_eustachio
D:5:      first_bread
D:7:      nemelex_xobeh_ov_fountains_minmay, okawaru_trees_2
D:8:      uniq_prince_ribbit1
D:9:      kennysheep_six_static_rooms, grunt_pizzeria,
          minmay_hollow_rounded_squares
D:10:     erik_lair_orcish_takeover, orc_0_dummy
D:12:     minmay_misc_feat_doors, uniq_harold
D:13:     uniq_urug
Temple:   eino_temple_rhombus
Orc:1:    nicolae_orc_pool_cavern, lightli_orcish_oven
Orc:2:    pf_orc_diabolical, serial_shops, shop, basic_altar

Skill      XL: |  1  2  3  4  5  6  7  8  9 10 11 12 |
---------------+-------------------------------------+-----
Maces & Flails | 3 4 7 9 11 12 14 15 17 | 17.6
Fighting       | 4 6 8 10 | 10.9
Dodging        | 3 4 6 7 |  7.7
Invocations    | 4 6 |  6.1
Throwing       | |  1.3
Spellcasting   | |  2.6
Translocations | |  2.1

Action                   |  1- 3 |  4- 6 |  7- 9 | 10-12 || total
-------------------------+-------+-------+-------+-------++-------
Melee: Mace              |    56 |    75 |       |       ||   131
       Flail             |     2 |       |       |       ||     2
       Kick              |       |    12 |    42 |   109 ||   163
       Giant club        |       |     6 |   196 |   391 ||   593
Throw: Javelin           |     6 |    13 |     2 |     5 ||    26
 Cast: Blink             |       |       |       |     3 ||     3
Invok: Divine Shield     |       |       |       |     2 ||     2
       Summon Divine War |       |       |       |     1 ||     1
  Use: Potion            |       |     6 |     1 |     4 ||    11
       Scroll            |       |     6 |     4 |    10 ||    20
  Eat: Chunk             |       |     4 |     4 |    10 ||    18
       Pizza             |       |     1 |       |       ||     1
Armor: Robe              |    20 |     9 |    21 |    34 ||    84
       Skin              |       |       |    56 |       ||    56
Dodge: Dodged            |    35 |    43 |    76 |   184 ||   338
